 Dungeon Crawl Stone Soup version 0.21.0-25-ge575cb9 (webtiles) character file.

224 lydgate the Grave Robber (level 5, -10/42 HPs)
             Began as a Deep Dwarf Necromancer on Jan 24, 2018.
             Mangled by an ogre
             ... wielding a cursed +0 giant club
              (30 damage)
             ... on level 4 of the Dungeon.
             The game lasted 00:23:24 (3936 turns).

lydgate the Grave Robber (Deep Dwarf Necromancer)   Turns: 3936, Time: 00:23:25

Health: -10/42     AC:  2    Str: 10 (11) XL:     5   Next: 67%
Magic:  1/10       EV: 11    Int: 14 (17) God:
Gold:   185        SH:  3    Dex: 11 (13) Spells: 2/11 levels left

rFire    . . .     SeeInvis .   j - +2 dagger (venom)
rCold    . . .     Gourm    .   o - +0 buckler
rNeg     . . .     Faith    .   a - +0 robe
rPois    .         Spirit   .   (no helmet)
rElec    .         Reflect  .   (no cloak)
rCorr    .         Harm     .   (no gloves)
MR       .....                  (no boots)
Stlth    ++........             (no amulet)
HPRegen  0.00/turn              (no ring)
MPRegen  0.12/turn              (no ring)

@: very slightly contaminated, non-regenerating, drained
A: damage resistance, heal wounds, sense surroundings 1, no regeneration
a: Heal Wounds


You were on level 4 of the Dungeon.
You were not hungry.

You visited 1 branch of the dungeon, and saw 4 of its levels.

You collected 185 gold pieces.

Inventory:

Hand Weapons
 j - a +2 dagger of venom (weapon)
 p - a cursed -2 trident
Armour
 a - a +0 robe (worn)
 o - a +0 buckler (worn)
Wands
 s - a wand of paralysis (12)
Scrolls
 e - 5 scrolls of teleportation
 f - 3 scrolls of identify
 h - a scroll of fog
 k - a scroll of amnesia
 m - a scroll of enchant armour {unknown}
 q - 2 scrolls of magic mapping {unknown}
Potions
 d - a potion of flight
Books
 b - a book of Necromancy

   Spells                             Type                      Level
   a - Pain                           Necromancy                   1
   b - Animate Skeleton               Necromancy                   1
   c - Vampiric Draining              Necromancy                   3
   d - Regeneration                   Charms/Necromancy            3
   e - Animate Dead                   Necromancy                   4
   f - Borgnjor's Vile Clutch         Necromancy/Earth             5
Comestibles
 c - 7 rations


   Skills:
 + Level 0.2(0.0) Fighting
 + Level 2.3(2.1) Dodging
 * Level 3.2(2.9) Stealth
 + Level 0.8(0.5) Shields
 * Level 3.8(3.5) Spellcasting
 + Level 5.6(5.3) Necromancy


You had 2 spell levels left.
You knew the following spells:

 Your Spells              Type           Power        Failure   Level  Hunger
a - Pain                  Necr           ###.         3%          1    #......
b - Animate Skeleton      Necr           N/A          3%          1    #......
c - Vampiric Draining     Necr           ###.......   11%         3    ###....
d - Animate Dead          Necr           N/A          34%         4    #####..


Dungeon Overview and Level Annotations

Branches:
Dungeon (4/15)
 Temple: D:4-7

Altars:
The Shining One

Annotations:
D:2 Terence


Innate Abilities, Weirdness & Mutations

You are resistant to damage.
You can heal yourself by infusing magical energy.
You passively map a small area around you.
You do not regenerate.


Message History

Confirm with . or Enter, or press ? or * to list all spells.
Aiming: Vampiric Draining
Press: ? - help, Shift-Dir - straight line, f - orc
Aim: an orc, wearing a chain mail You kill the orc!
You feel life coursing into your body.
The orc wizard mumbles some strange words.
The orc wizard blinks!
The orc hits you but does no damage.
Casting: Vampiric Draining
Confirm with . or Enter, or press ? or * to list all spells.
Aiming: Vampiric Draining
Press: ? - help, Shift-Dir - straight line, f - orc
Aim: an orc, wearing a ring mail You miscast Vampiric Draining.
You are very lightly contaminated with residual magic.
You sense a malignant aura.
The orc hits you but does no damage. The ogre hits you with a giant club!!
Ouch! That really hurt!
You die...

...#. * * #..#### * *
, ,. ...#* # .
,.##### # * ♣. * .. #
≈ ≈ P≈### ,o# **
*##### ≈...#####.#
..... ≈ ≈ ≈
#..#....### * ##### *
* ♣≈≈
*≈*#.[@o.>..#########
* ≈≈♣≈♣♣
##O#####.........###


≈hP ≈≈##..# ########...# ≈ ≈≈P≈≈♣.#.## #........... ≈≈≈P*♣..# #.######..#. ≈ ≈
≈≈≈♣P≈♣.########.# #...## ≈≈≈≈≈≈P.##.......# #...## ≈ ≈≈≈≈≈♣≈...O.....## #...#
≈≈≈P ♣♣##.#####.# #...#* You could see an ogre, an orc wizard and an orc.

Vanquished Creatures
  An orc priest (D:3)
  A hound (D:4)
  2 orc wizards (D:3)
  3 adders (D:3)
  2 worms
  2 dart slugs
  2 leopard geckos
  10 orcs
  3 ball pythons
  A giant cockroach (D:2)
  6 hobgoblins
  3 jackals (D:2)
  A quokka (D:2)
  6 bats
  2 frilled lizards
  6 goblins
  A jackal skeleton (D:3)
  2 kobolds (D:1)
  3 rats (D:1)
57 creatures vanquished.

Vanquished Creatures (collateral kills)
  3 dart slugs (D:1)
  A leopard gecko (D:1)
  An orc (D:3)
  2 goblins
  A rat (D:3)
8 creatures vanquished.

Grand Total: 65 creatures vanquished

Notes
Turn   | Place    | Note
-------+----------+-------------------------------------------
     0 | D:1      | lydgate the Deep Dwarf Necromancer began the quest for the Orb.
     0 | D:1      | Reached XP level 1. HP: 15/15 MP: 3/3
    78 | D:1      | Learned a level 1 spell: Animate Skeleton
   232 | D:1      | Reached XP level 2. HP: 22/22 MP: 1/4
   530 | D:1      | Reached skill level 5 in Necromancy
  1152 | D:2      | Reached XP level 3. HP: 22/28 MP: 6/6
  1182 | D:2      | Learned a level 3 spell: Vampiric Draining
  1496 | D:2      | Found a glowing golden altar of the Shining One.
  1843 | D:3      | Noticed Terence
  2064 | D:3      | Reached XP level 4. HP: 14/36 MP: 0/8
  2383 | D:3      | Learned a level 4 spell: Animate Dead
  2386 | D:3      | Reached XP level 5. HP: 19/42 MP: 7/10
  3894 | D:4      | Noticed an ogre
  3936 | D:4      | Mangled by an ogre

Skill      XL: |  1  2  3  4 |
---------------+-------------+-----
Spellcasting   | 2 3 |  3.8
Necromancy     | 5 |  5.6
Stealth        | 3 |  3.2
Fighting       | |  0.2
Dodging        | |  2.3
Shields        | |  0.8

Action                   |  1- 3 |  4- 6 || total
-------------------------+-------+-------++-------
Melee: Unarmed           |     2 |       ||     2
       Club              |    19 |    22 ||    41
       Dagger            |       |     4 ||     4
 Cast: Pain              |    61 |    23 ||    84
       Animate Skeleton  |    18 |     1 ||    19
       Vampiric Draining |    11 |    16 ||    27
       Animate Dead      |       |     4 ||     4
Evoke: Wand              |       |     1 ||     1
  Use: Potion            |     2 |     6 ||     8
       Scroll            |     1 |     2 ||     3
  Eat: Chunk             |     6 |     2 ||     8
       Ration            |       |     2 ||     2
Armor: Robe              |    17 |     5 ||    22
Dodge: Dodged            |    52 |    16 ||    68
Block: Buckler           |    16 |     7 ||    23
